 Dungeon Crawl Stone Soup version 0.23.1 (webtiles) character file.

Game seed: 10257363751848551061

769 Chiseanne the Skirmisher (level 8, -6/60 (62) HPs)
             Began as a Formicid Gladiator on Mar 15, 2019.
             Was an Initiate of Makhleb.
             Mangled by a wraith (14 damage)
             ... on level 6 of the Dungeon.
             The game lasted 00:08:19 (3848 turns).

Chiseanne the Skirmisher (Formicid Gladiator)       Turns: 3848, Time: 00:08:20

HP:   -6/60 (62)    AC:  3    Str: 19    XL:     8   Next: 9%
MP:   0/8           EV: 20    Int:  6    God:    Makhleb [......]
Gold: 161           SH:  6    Dex: 22    Spells: 7/7 levels left

rFire    . . .     SeeInvis +   a - +1 quarterstaff
rCold    . . .     Gourm    .   p - +0 buckler
rNeg     + . .     Faith    .   i - +0 leather armour of Divine Compulsion {rN+ Regen+ Int-2} (curse)
rPois    .         Spirit   +   (helmet unavailable)
rElec    .         Reflect  .   z - scarf {Spirit}
rCorr    .         Harm     .   (no gloves)
MR       .....                  (no boots)
Stlth    +++.......             x - amulet of regeneration
HPRegen  1.00/turn              k - +3 ring of dexterity
MPRegen  0.11/turn              (no ring)

@: agile
A: permanent stasis, dig shafts and tunnels, four strong arms, antennae 3
a: Dig, Shaft Self, Renounce Religion


You were on level 6 of the Dungeon.
You worshipped Makhleb.
Makhleb was noncommittal.
You were not hungry.

You visited 1 branch of the dungeon, and saw 7 of its levels.

You collected 161 gold pieces.

Inventory:

Hand Weapons
 a - a +1 quarterstaff (weapon)
Missiles
 c - 3 throwing nets (quivered)
 g - 101 stones
 j - 37 bolts
 m - 33 poisoned needles
 s - 6 tomahawks
 v - 8 needles of sleeping
 y - 71 arrows
Armour
 i - the cursed +0 leather armour of Divine Compulsion (worn) {rN+ Regen+ Int-2}
   (You found it on level 6 of the Dungeon)

   It affects your intelligence (-2).
   It protects you from negative energy.
   It increases your rate of regeneration.
   It has a curse placed upon it.
 p - a +0 buckler (worn)
 z - a scarf of spirit shield (worn)
Magical Staves
 C - an uncursed staff of death {unknown}
Jewellery
 k - a +3 ring of dexterity (left hand)
 t - an uncursed amulet of faith
 x - an amulet of regeneration (around neck)
Wands
 D - a wand of paralysis (8)
Scrolls
 e - a scroll of identify
 r - 2 scrolls of magic mapping
 u - a scroll of remove curse
 A - a scroll of immolation
Potions
 b - 2 potions of curing {unknown}
 h - a potion of invisibility
 l - a potion of might {unknown}
 n - 2 potions of heal wounds {unknown}
 o - a potion of haste {unknown}
 q - a potion of flight
 w - a potion of magic {unknown}
Comestibles
 d - 3 rations
 B - 3 chunks of flesh


   Skills:
 * Level 5.0 Fighting
 - Level 3.0 Staves
 - Level 2.0 Throwing
 * Level 4.4 Armour
 * Level 4.6 Dodging
 * Level 4.4 Shields
 * Level 1.1 Invocations


You had 7 spell levels left.
You didn't know any spells.
Your spell library was empty.

Dungeon Overview and Level Annotations

Branches:
Dungeon (7/15)
 Temple: D:4-7

Altars:
Dithmenos
Makhleb
Wu Jian

Annotations:
D:6 3 runed translucent doors, Forgol's ghost, novice DDFi; rumpelstilzz's ghost, novice TrAM


Innate Abilities, Weirdness & Mutations

You cannot be hasted, slowed, berserked, paralysed or teleported.
You can dig through walls and to a lower floor.
Your four strong arms can wield two-handed weapons with a shield.
You have a pair of large antennae on your head. (SInv)


Message History

The wraith is almost destroyed.
The wraith hits you!
* * * LOW HITPOINT WARNING * * *
The wraith drains your vigour!
Your stasis prevents you from being slowed.
You barely miss the wraith.
The wraith is almost destroyed.
The wraith hits you.
* * * LOW HITPOINT WARNING * * *
The wraith drains your vigour!
Your stasis prevents you from being slowed.
You hit the wraith but do no damage.
The wraith is almost destroyed.
The wraith barely misses you. The wraith misses you.
You feel agile all of a sudden. You block the wraith's attack.
You hit the wraith but do no damage.
The wraith is almost destroyed.
The wraith hits you!
You die...

##..####.........................
###..##..########.#...........##.
##....## #...[..^.......## ##..##
##..............# #.##
#.........>...## # #.#
#............## ## #.#
#..........### .# #.#
###.........## .## #.#
#@W.......### ..###.# ###########
...##.# ...##.# ....#.###
.....<..### ....###...### ######
.....####...### #....#### .....#
####..####......##


You could see a wraith.

Vanquished Creatures
  A necrophage (D:6)
  An ogre (D:6)
  3 bullfrogs (D:6)
  A scorpion (D:6)
  A crimson imp (D:6)
  A jelly (D:6)
  2 hounds (D:6)
  3 orc wizards
  A hound skeleton (D:6)
  5 adders
  A shadow imp (D:6)
  3 oozes
  6 worms
  A dart slug (D:3)
  A leopard gecko (D:6)
  5 orcs
  2 ball pythons
  7 bats
  5 giant cockroaches
  3 goblins
  3 hobgoblins
  7 jackals
  A quokka (D:2)
  6 frilled lizards
  4 kobolds (D:1)
  A leopard gecko zombie (D:6)
  9 rats
84 creatures vanquished.

Notes
Turn   | Place    | Note
-------+----------+-------------------------------------------
     0 | D:1      | Chiseanne the Formicid Gladiator began the quest for the
                  | Orb.
     0 | D:1      | Reached XP level 1. HP: 16/16 MP: 1/1
    45 | D:1      | Reached XP level 2. HP: 14/23 MP: 2/2
   247 | D:1      | Reached skill level 1 in Armour
   640 | D:1      | Reached XP level 3. HP: 27/28 MP: 3/3
   960 | D:2      | Reached skill level 3 in Fighting
  1028 | D:2      | Found an ornate altar of the Wu Jian Council.
  1086 | D:2      | Found a shadowy altar of Dithmenos.
  1089 | D:2      | Reached XP level 4. HP: 33/35 MP: 4/4
  1113 | D:2      | Reached skill level 1 in Shields
  1181 | D:2      | Reached XP level 5. HP: 32/41 MP: 5/5
  2530 | D:5      | Entered Level 5 of the Dungeon
  2551 | D:6      | Noticed a bullfrog
  2565 | D:6      | Killed a bullfrog
  2565 | D:6      | Reached XP level 6. HP: 40/48 MP: 6/6
  2572 | D:6      | Reached skill level 4 in Fighting
  3070 | D:6      | Reached XP level 7. HP: 55/55 MP: 7/7
  3147 | D:6      | Found a runed translucent gate.
  3147 | D:6      | Found a runed translucent gate.
  3147 | D:6      | Found a runed translucent gate.
  3147 | D:6      | Noticed Forgol's ghost (novice DDFi)
  3148 | D:6      | Noticed rumpelstilzz's ghost (novice TrAM)
  3291 | D:6      | Got a polished leather armour
  3311 | D:6      | Identified the cursed +0 leather armour of Divine
                  | Compulsion {rN+ Regen+ Int-2} (You found it on level 6 of
                  | the Dungeon)
  3485 | D:6      | Found a burning altar of Makhleb.
  3504 | D:6      | Became a worshipper of Makhleb the Destroyer
  3802 | D:7      | Noticed a wraith
  3829 | D:6      | Reached skill level 5 in Fighting
  3829 | D:6      | Reached skill level 1 in Invocations
  3829 | D:6      | Reached XP level 8. HP: 38/60 MP: 3/8
  3848 | D:6      | Mangled by a wraith

Skill      XL: |  1  2  3  4  5  6  7 |
---------------+----------------------+-----
Armour         | 1 2 3 4 |  4.4
Dodging        | 3 4 |  4.6
Fighting       | 3 4 5 |  5.0
Shields        | 1 2 3 4 |  4.4
Invocations    | 1 |  1.1
Staves         | |  3.0
Throwing       | |  2.0

Action                   |  1- 3 |  4- 6 |  7- 9 || total
-------------------------+-------+-------+-------++-------
Melee: Quarterstaff      |    86 |   164 |    78 ||   328
 Abil: Dig               |       |       |     1 ||     1
  Use: Scroll            |     5 |     6 |     1 ||    12
       Potion            |       |       |     1 ||     1
 Stab: Sleeping          |       |     1 |       ||     1
  Eat: Chunk             |     1 |     5 |     4 ||    10
Armor: Leather armour    |    43 |    13 |     4 ||    60
       Scale mail        |       |    33 |     7 ||    40
Dodge: Dodged            |    90 |   100 |    38 ||   228
Block: Buckler           |     6 |    30 |    25 ||    61
